 Dungeon Crawl Stone Soup version 0.29-a0-322-g68df515428 (webtiles) character file.

Game seed: 6754841300698245239

9 calli0pe the Ducker (level 2, -1/14 HPs)
             Began as a Felid Berserker on Apr 8, 2022.
             Was a Follower of Trog.
             Slain by a hobgoblin (4 damage)
             ... on level 1 of the Dungeon.
             The game lasted 00:01:00 (171 turns).

calli0pe the Ducker (Felid Berserker)                Turns: 171, Time: 00:01:00

Health: -1/14      AC:  1    Str: 13    XL:     2   Next: 3%
Magic:  3/3        EV: 18    Int:  8    God:    Trog [*.....]
Gold:   22         SH:  0    Dex: 15    Spells: 1/1 levels left
                                        Lives:  0   Deaths: 0

rFire   . . .      SeeInvis +     - Unarmed
rCold   . . .      Faith    .   (shield unavailable)
rNeg    . . .      Spirit   .   (body armour unavailable)
rPois   .          Reflect  .   (helmet unavailable)
rElec   .          Harm     .   (cloak unavailable)
rCorr   .          Rampage  .   (gloves unavailable)
Will    .....                   (boots unavailable)
Stlth   +.........              (no amulet)
HPRegen 0.04/turn               (no ring)
MPRegen 0.08/turn               (no ring)

@: quick
A: very small, claws 1, fangs 3, see invisible, speed 1, shaggy fur 1, stealthy
paws, no weapons or thrown items, no armour, multi-lived
a: Renounce Religion, Berserk


You were on level 1 of the Dungeon.
You worshipped Trog.
Trog was aware of your devotion.
You visited 1 branch of the dungeon, and saw 1 of its levels.

You collected 22 gold pieces.

Inventory:

Scrolls
 a - a scroll of fear {unknown}
 b - a scroll of summoning {unknown}


   Skills:
 + Level 3.2 Fighting
 + Level 4.3 Dodging
 + Level 3.2 Unarmed Combat


You had one spell level left.
You didn't know any spells.
Your spell library was empty.

Dungeon Overview and Level Annotations

Branches:
Dungeon (1/15)

Altars:


Innate Abilities, Weirdness & Mutations

You have sharp claws.
You have razor-sharp teeth.
You have supernaturally acute eyesight. (SInv)
You cover ground quickly. (Speed+)
You are covered in fur. (AC +1)
Your paws help you pounce on unaware monsters.
You are incapable of wielding weapons or throwing items.
You cannot wear armour.
You gain extra lives every three experience levels.


Message History

You see here a +0 dagger.
You open the door.
Found an inky potion.
An endoplasm comes into view.
The endoplasm quivers.
You open the door.
A bat comes into view.
The bat misses you.
A hobgoblin comes into view.
Found a short sword and a ruby potion.
The hobgoblin shouts!
You hear a shout!
The bat misses you.
A hobgoblin comes into view.
The hobgoblin shouts!
The bat barely misses you. The endoplasm freezes you.
You are frozen.
The bat misses you. The endoplasm closely misses you.
The bat hits you but does no damage. The bat barely misses you.
The bat misses you. The endoplasm hits you.
* * * LOW HITPOINT WARNING * * *
The bat completely misses you. The bat barely misses you.
You claw the hobgoblin!
You kill the hobgoblin!
Trog accepts your kill. The bat closely misses you.
The bat completely misses you.
You see here a hobgoblin corpse.
A kobold comes into view. It is wielding a +0 short sword.
The hobgoblin closely misses you. The bat completely misses you.
You completely miss the bat. The bat barely misses you.
The hobgoblin completely misses you. The bat misses you.
The kobold shouts!
You scratch the endoplasm.
You kill the endoplasm!
Trog accepts your kill. The bat misses you. The hobgoblin hits you.
* * * LOW HITPOINT WARNING * * *
You have reached level 2!
The bat misses you. The hobgoblin hits you.
You die...

... #......P.♣..P ..####
#....♣P.♣ .♣.
....####..)P♣.♣ ♣.P
##+##......'..).PP♣♣♣♣..
.......####.....P♣♣P...
................♣P...
#!#.####.....P....##
#...†.......#.P..##
#.b@g.......#.##.#
#...........#.##.###
.........P#'##.#.##....
..........P..........##.
...K.....P♣PP##.#+######
.....##.P.♣♣P# .)
.........♣♣ ..
....!##.P♣ . ## #P
########


You could see a hobgoblin, a bat and a kobold.

Vanquished Creatures
  An endoplasm (D:1)
  3 hobgoblins (D:1)
  A quokka (D:1)
  A frilled lizard (D:1)
  A kobold (D:1)
  A rat (D:1)
8 creatures vanquished.

Vanquished Creatures (others)
  A plant (D:1)
1 creature vanquished.

Grand Total: 9 creatures vanquished

Notes
Turn   | Place    | Note
-------+----------+-------------------------------------------
     0 | D:1      | calli0pe the Felid Berserker began the quest for the Orb.
     0 | D:1      | Reached XP level 1. HP: 10/10 MP: 2/2
   171 | D:1      | Reached XP level 2. HP: 3/14 MP: 3/3
   171 | D:1      | Slain by a hobgoblin

Illustrated notes

Levels and vault maps discovered:
D:1:      matt_arrival_grand_opening, layout_basic, serial_forest,
          infiniplex_forest_lined_3_way, infiniplex_forest_clump_long,
          infiniplex_forest_clump_medium, infiniplex_forest_end_double,
          infiniplex_forest_clump_double, infiniplex_forest_clump_cross,
          minmay_pentomino_p4

Action                   || total
-------------------------++-------
Melee: Unarmed           ||    27
       Bite              ||     4
Armor: Skin              ||     2
Dodge: Dodged            ||    36

Table legend: (Time is in decaauts)
 A = Elapsed time spent in this place.
 B = Non-inter-level travel time spent in this place.
 C = Inter-level travel time spent in this place.
 D = Time resting spent in this place.
 E = Time spent auto-exploring this place.
 F = Levels seen in this place.
 G = Mean time per level.
                   A        B        C        D        E       F      G
               +--------+--------+--------+--------+--------+-----+--------+
         Total |    142 |    142 |      0 |      0 |      0 |   1 |  142.0 |
       Dungeon |    142 |    142 |      0 |      0 |      0 |   1 |  142.0 |
               +--------+--------+--------+--------+--------+-----+--------+

Top non-repeatable levels by time:
     D:1: 142 daAuts
